 Dungeon Crawl Stone Soup version 0.28-a0-1404-g4df0f3684d (webtiles) character file.

Game seed: 2701153191659561804

159 frimble the Cutter (level 5, 0/38 HPs)
             Began as a Demonspawn Warper on Jan 6, 2022.
             Slain by Sigmund (10 damage)
             ... on level 4 of the Dungeon.
             The game lasted 00:04:12 (4310 turns).

frimble the Cutter (Demonspawn Warper)              Turns: 4310, Time: 00:04:13

Health: 0/38       AC:  7    Str: 11    XL:     5   Next: 17%
Magic:  8/8        EV: 12    Int: 16    God:
Gold:   117        SH:  0    Dex: 13    Spells: 6/8 levels left

rFire   . . .      SeeInvis .   a - +0 short sword
rCold   . . .      Faith    .   (no shield)
rNeg    . . .      Spirit   .   b - +0 leather armour
rPois   .          Reflect  .   k - +0 helmet
rElec   .          Harm     .   (no cloak)
rCorr   .          Rampage  .   i - +0 pair of gloves
Will    .....                   (no boots)
Stlth   +.........              (no amulet)
HPRegen 0.12/turn               (no ring)
MPRegen 0.11/turn               (no ring)

@: no status effects
A: yellow scales 1, demonic guardian 1, demonic magic 1, weakness stinger 1
a: no special abilities


You were on level 4 of the Dungeon.
You visited 1 branch of the dungeon, and saw 4 of its levels.

You collected 117 gold pieces.

Inventory:

Hand Weapons
 a - a +0 short sword (weapon)
Missiles
 d - 3 boomerangs of dispersal
 f - 8 poisoned darts (quivered)
Armour
 b - a +0 leather armour (worn)
 i - a +0 pair of gloves (worn)
 k - a +0 helmet (worn)
Wands
 g - a wand of polymorph (6)
Scrolls
 c - a scroll of enchant armour {unknown}
 j - a scroll of identify {unknown}
Potions
 e - 2 potions of curing
 h - a potion of lignification {unknown}


   Skills:
 - Level 2.0 Fighting
 + Level 4.1 Short Blades
 - Level 0.9 Throwing
 - Level 1.0 Armour
 - Level 3.1 Dodging
 - Level 2.0 Spellcasting
 - Level 2.7 Translocations


You had 6 spell levels left.
You knew the following spells:

 Your Spells              Type           Power      Damage    Failure   Level
a - Blink                 Tloc           20%        N/A       14%         2

Your spell library contained the following spells:

 Spells                   Type           Power      Damage    Failure   Level
 Gell's Gravitas          Tloc           10%        N/A       26%         3
 Lesser Beckoning         Tloc           10%        N/A       26%         3
 Teleport Other           Tloc           10%        N/A       26%         3
 Ignite Poison            Fire/Tmut/Pois 1%         N/A       63%         3
 Mephitic Cloud           Conj/Pois/Air  1%         N/A       63%         3
 Manifold Assault         Tloc           10%        N/A       94%         5
 Freezing Cloud           Conj/Ice/Air   0%         6-21      100%        5


Dungeon Overview and Level Annotations

Branches:
Dungeon (4/15)
 Temple: D:4-7

Altars:

Shops:
D:1 *   D:3 :

Annotations:
D:4 3 runed translucent doors, Sigmund


Innate Abilities, Weirdness & Mutations

You are partially covered in yellow scales. (AC +2)
A weak demonic guardian rushes to your aid.
Spells you cast may paralyse adjacent enemies.
You have a small tail.


Message History

Throw: 12 darts (poison)
Press: ? - help, Q - select action, (/) - cycle Shift-Dir - straight line, f - adder
Aim: an adder (almost dead, poisoned, 38% to hit)
You throw a poisoned dart.
The poisoned dart closely misses the adder.
The poisoned dart hits the adder.
The adder is poisoned.
The adder is heavily wounded.
You feel sick. The adder closely misses you.
You feel sick.
You are no longer poisoned.
The adder misses you.
Throw: 11 darts (poison)
Press: ? - help, Q - select action, (/) - cycle Shift-Dir - straight line, f/p - adder
Aim: an adder (almost dead, poisoned, 38% to hit)
You throw a poisoned dart. The poisoned dart misses the adder.
The poisoned dart hits the adder.
The adder looks even sicker.
The adder is heavily wounded.
The adder misses you.
You hit the adder.
You kill the adder! x2
Your Short Blades skill increases to level 4!
Something hits you.
You hit something.
Throw: 10 darts (poison)
Press: ? - help, Q - select action, (/) - cycle Shift-Dir - straight line, f - jackal skeleton
Aim: a jackal skeleton (77% to hit)
You throw a poisoned dart.
The poisoned dart hits the jackal skeleton.
Something hits you but does no damage.
Throw: 9 darts (poison)
Press: ? - help, Q - select action, (/) - cycle Shift-Dir - straight line, f/p - jackal skeleton
Aim: a jackal skeleton (77% to hit)
You throw a poisoned dart.
The poisoned dart hits the jackal skeleton.
Something hits you.
* * * LOW HITPOINT WARNING * * *
You hit something. You hit something.
Your tail-slap misses something.
Something hits you!
You die...

.. #. #.###### ##### ......
#...# #.... #...# ... #...#
#.#
############...#######.######
...<†....÷......@{Z()(........
#####.###.############..#.....
#..##.# ##.# .... ......# .#
... .......# .. .. ###+++###
... # P.......P# ....
#⌠.......⌠# ...


You could see a jackal skeleton.

Vanquished Creatures
  Natasha (D:2)
  An iguana (D:3)
  4 adders
  3 worms (D:2)
  3 dart slugs
  An orc (D:3)
  5 endoplasms
  A giant cockroach (D:1)
  5 goblins
  5 hobgoblins
  4 jackals
  A quokka (D:1)
  7 ball pythons
  6 bats
  3 frilled lizards
  7 kobolds
  4 rats
61 creatures vanquished.

Notes
Turn   | Place    | Note
-------+----------+-------------------------------------------
     0 | D:1      | frimble the Demonspawn Warper began the quest for the Orb.
     0 | D:1      | Reached XP level 1. HP: 16/16 MP: 3/3
   172 | D:1      | Reached skill level 1 in Armour
   227 | D:1      | Reached skill level 2 in Short Blades
   481 | D:1      | Found Meola's Assorted Antiques.
   499 | D:1      | Gained mutation: You have a small tail. [demonic ancestry]
   499 | D:1      | Reached XP level 2. HP: 16/22 MP: 5/5
  1147 | D:1      | Learned a level 2 spell: Blink
  1732 | D:2      | HP: 1/22 [worm (9)]
  1735 | D:2      | Gained mutation: Spells you cast may paralyse adjacent
                  | enemies. [demonic ancestry]
  1735 | D:2      | Reached XP level 3. HP: 2/27 MP: 6/6
  2043 | D:2      | Noticed Natasha
  2129 | D:2      | Found a faded altar of an unknown god.
  2470 | D:2      | HP: 1/27 [Natasha/magic dart (9)]
  2503 | D:2      | HP: 1/27 [Natasha/magic dart (6)]
  2511 | D:2      | HP: 1/27 [Natasha (7)]
  2513 | D:2      | Killed Natasha
  2514 | D:2      | Reached skill level 3 in Short Blades
  2514 | D:2      | Gained mutation: You are partially covered in yellow
                  | scales. (AC +2) [demonic ancestry]
  2514 | D:2      | Reached XP level 4. HP: 1/33 MP: 7/7
  3180 | D:3      | Found Heunyush's Book Emporium.
  3966 | D:4      | Found a runed translucent gate.
  3966 | D:4      | Found a runed translucent gate.
  3966 | D:4      | Found a runed translucent gate.
  4082 | D:3      | Gained mutation: A weak demonic guardian rushes to your
                  | aid. [demonic ancestry]
  4082 | D:3      | Reached XP level 5. HP: 20/38 MP: 6/8
  4282 | D:4      | Noticed Sigmund
  4305 | D:4      | Reached skill level 4 in Short Blades
  4310 | D:4      | Slain by Sigmund

Illustrated notes

Levels and vault maps discovered:
D:1:      wheals_arrival_shading, layout_loops_corners, serial_shops, shop
D:2:      layout_loops_ring, hellmonk_ecumenical_altar_run_dry,
          kennysheep_generic_room_11, uniq_natasha
D:3:      layout_basic, serial_shops, shop_statue
D:4:      layout_basic, minmay_temple_entry_ruins, gammafunk_ghost_cemetery,
          guppyfry_shop_venom, uniq_sigmund, uniq_pargi

Skill      XL: |  1  2  3  4  5 |
---------------+----------------+-----
Armour         | 1 |  1.0
Short Blades   | 2 3 4 |  4.1
Dodging        | 2 3 |  3.1
Fighting       | |  2.0
Throwing       | |  0.9
Spellcasting   | |  2.0
Translocations | |  2.7

Action                   |  1- 3 |  4- 6 || total
-------------------------+-------+-------++-------
Melee: Short sword       |   156 |   102 ||   258
       Punch             |     3 |       ||     3
       Tailslap          |    15 |    11 ||    26
Throw: Boomerang         |     2 |       ||     2
       Dart              |       |    17 ||    17
 Cast: Blink             |       |     1 ||     1
  Use: Potion            |     2 |     1 ||     3
       Scroll            |     2 |       ||     2
Armor: Leather armour    |    57 |    51 ||   108
Dodge: Dodged            |   103 |    75 ||   178

Table legend: (Time is in decaauts)
 A = Elapsed time spent in this place.
 B = Non-inter-level travel time spent in this place.
 C = Inter-level travel time spent in this place.
 D = Time resting spent in this place.
 E = Time spent auto-exploring this place.
 F = Levels seen in this place.
 G = Mean time per level.
                   A        B        C        D        E       F      G
               +--------+--------+--------+--------+--------+-----+--------+
         Total |   4315 |   4171 |    144 |    272 |   3261 |   4 | 1078.8 |
       Dungeon |   4315 |   4171 |    144 |    272 |   3261 |   4 | 1078.8 |
               +--------+--------+--------+--------+--------+-----+--------+

Top non-repeatable levels by time:
     D:2: 1531 daAuts
     D:1: 1483 daAuts
     D:3: 1184 daAuts
     D:4: 116 daAuts
